Map: Dreamcatcher LE

Players

ShoWTimE

  • Race: Protoss Protoss
  • Spawn Location: 11:00

Clem - Winner!

  • Race: Terran Terran
  • Spawn Location: 5:00

Event: WCS Valencia 2018

VOD

Have the link to the VOD?

Description

Time

  • Played on: July 13, 2018, 10:54 a.m.
  • Length: 28:24

All games in this series

Show
View Real Time Build Order
Export as new Build Order

ShoWTimE Protoss 

Build Orders: 1 Gate Expand, Oracle Opening, Chargelot Immortal 

Get SALT Encoding   

  12  0:00  Probe  
  13  0:12  Probe  
  14  0:17  Pylon  
  14  0:24  Probe  
  15  0:32  Probe  
  15  0:39  Gateway  
  15  0:40  Probe  
  16  0:46  Assimilator  
  17  0:51  Probe  
  18  1:03  Probe  
  19  1:15  Probe  
  20  1:24  Nexus  
  20  1:35  Cybernetics Core  
  20  1:37  Probe  
  21  1:42  Assimilator  
  21  1:49  Probe  
  22  1:54  Pylon  
  22  2:01  Probe  
  23  2:02  Stalker  
  23  2:13  Probe  
  26  2:20  Stargate  
  26  2:26  Warp Gate, Probe  
  27  2:34  Stalker  
  27  2:35  Probe  
  30  2:37  Probe  
  30  2:44  Probe  
  31  2:45  Probe  
  33  2:52  Probe  
  33  2:54  Probe  
  33  2:55  Oracle  
  35  3:03  Probe  
  39  3:06  Probe  
  39  3:11  Pylon  
  40  3:15  Probe  
  40  3:18  Probe  
  42  3:20  Shield Battery  
  42  3:26  Oracle  
  42  3:27  Probe  
  42  3:30  Probe  
  47  3:39  Gateway  
  47  3:41  Gateway  
  47  3:42  Probe  
  47  3:44  Probe  
  49  3:48  Assimilator  
  49  3:51  Assimilator  
  50  3:55  Probe  
  50  3:56  Probe, Pylon  
  50  4:02  Oracle  
  48  4:07  Probe  
  52  4:11  Probe  
  53  4:18  Pylon  
  53  4:23  Probe  
  54  4:33  Nexus  
  54  4:35  Probe  
  55  4:38  Adept x3  
  55  4:44  Phoenix  
  63  4:49  Probe  
  64  5:01  Probe  
  64  5:06  Forge  
  64  5:07  Twilight Council  
  64  5:08  Probe  
  64  5:13  Probe  
  66  5:16  Blink  
  66  5:17  Pylon  
  66  5:19  Protoss Ground Weapons Level 1  
  66  5:20  Probe  
  67  5:23  Sentry  
  67  5:25  Probe  
  70  5:35  Probe  
  70  5:37  Probe  
  64  5:48  Probe  
  64  5:49  Probe  
  66  5:50  Probe  
  66  5:56  Robotics Facility  
  67  6:00  Probe  
  67  6:01  Probe  
  67  6:02  Probe  
  70  6:06  Sentry x2  
  74  6:12  Gateway, Probe  
  74  6:14  Gateway, Probe  
  74  6:15  Probe  
  77  6:20  Gateway  
  77  6:24  Probe  
  78  6:26  Probe  
  78  6:31  Gateway, Probe  
  80  6:35  Gateway  
  80  6:36  Stalker  
  82  6:41  Warp Prism  
  82  6:43  Stalker x2  
  86  6:47  Probe  
  86  6:48  Probe x2  
  86  6:51  Pylon  
  91  6:59  Probe  
  91  7:00  Pylon, Probe  
  93  7:08  Assimilator  
  93  7:09  Probe  
  93  7:11  Stalker, Probe  
  93  7:12  Stalker, Assimilator  
  99  7:20  Pylon  
  100  7:22  Observer  
  100  7:24  Protoss Ground Armor Level 1  
  100  7:30  Charge  
  100  7:34  Templar Archives  
  100  7:35  Forge, Stalker  
  100  7:36  Stalker x3  
  108  7:43  Zealot x4  
  116  7:46  Pylon  
  116  7:55  Pylon  
  116  7:57  Pylon  
  116  8:04  Immortal  
  120  8:10  Pylon  
  120  8:11  Pylon  
  120  8:21  Zealot x2  
  120  8:22  Zealot x6  
  123  8:35  Immortal  
  107  8:48  Psionic Storm  
  107  8:51  Pylon  
  107  8:52  Zealot x5  
  107  8:55  Pylon  
  113  8:57  Forge  
  111  9:05  Pylon  
  111  9:13  Immortal  
  111  9:14  High Templar x4  
  123  9:17  Pylon  
  123  9:19  Protoss Ground Weapons Level 2, Protoss Ground Armor Level 2  
  123  9:21  Nexus  
  123  9:22  Pylon  
  123  9:24  High Templar x3  
  123  9:29  Pylon  
  129  9:31  Zealot  
  131  9:48  Zealot x4  
  131  9:52  Immortal  
  131  9:57  Zealot  
  131  9:58  Zealot x2  
  127  10:10  Zealot x4  
  135  10:17  Zealot  
  137  10:29  Zealot x3  
  137  10:30  Probe x2  
  137  10:31  Probe  
  137  10:33  Warp Prism  
  146  10:42  Probe x2  
  148  10:43  Probe  
  141  10:57  Photon Cannon, Zealot x2, High Templar x2  
  141  10:58  Zealot x4  
  141  11:01  Probe x2  
  141  11:02  Probe  
  160  11:05  Pylon  
  160  11:09  Shield Battery  
  160  11:13  Photon Cannon  
  160  11:18  High Templar x6  
  170  11:23  Archon x2  
  170  11:24  Archon  
  171  11:35  Photon Cannon  
  171  11:37  Pylon  
  171  11:46  Stalker x2  
  172  11:51  Stalker x5  
  172  11:52  Stalker  
  125  12:24  Nexus  
  125  12:25  Archon  
  125  12:26  Zealot x2  
  125  12:27  Zealot x3  
  123  12:40  Templar Archives  
  123  12:43  Gateway  
  116  12:45  Gateway  
  116  12:47  Zealot x2  
  96  13:13  Pylon  
  90  13:20  Pylon  
  90  13:21  Warp Prism  
  90  13:24  Zealot x2  
  90  13:25  Zealot  
  98  13:39  High Templar x2  
  102  13:44  Probe  
  84  13:57  Observer  
  82  14:08  Archon x2  
  64  14:11  High Templar x4  
  72  14:31  Nexus  
  72  14:35  Pylon  
  64  14:52  Cybernetics Core  
  64  14:54  Zealot x2  
  64  14:56  Probe  
  69  15:07  High Templar  
  69  15:09  Probe  
  69  15:10  Observer  
  72  15:21  Probe  
  73  15:33  Zealot, Probe  
  76  15:44  Probe  
  76  15:45  Probe  
  78  15:56  Probe  
  79  15:57  Probe  
  79  15:59  Observer  
  78  16:05  Stalker x2  
  78  16:08  Probe  
  78  16:09  Probe  
  78  16:10  Stalker  
  86  16:14  Stalker  
  88  16:20  Probe  
  88  16:21  Probe  
  88  16:24  Stalker  
  91  16:32  Probe  
  91  16:33  Probe  
  91  16:35  High Templar  
  91  16:37  Zealot x2  
  91  16:38  Zealot  
  100  16:46  Stalker x2  
  104  17:01  Zealot x4  
  69  18:13  Nexus  
  39  20:17  Zealot x2  
  39  20:18  Zealot  
Show
View Real Time Build Order
Export as new Build Order

Clem Terran - Winner!

Build Orders: Gas First Reaper Expand, Liberator Opening, Reaper Expand, MMM Bio 

Get SALT Encoding   

  12  0:00  SCV  
  13  0:12  SCV  
  14  0:17  Supply Depot  
  14  0:24  SCV  
  15  0:29  Refinery  
  15  0:38  SCV  
  16  0:44  Barracks  
  16  0:50  SCV  
  17  1:02  SCV  
  18  1:14  SCV  
  19  1:32  Reaper, Orbital Command  
  20  1:45  Command Center  
  20  1:57  SCV  
  21  2:06  Factory  
  21  2:07  Marine  
  22  2:13  Supply Depot  
  22  2:15  SCV  
  23  2:20  Refinery  
  23  2:28  Barracks Reactor  
  23  2:35  SCV  
  23  2:47  SCV  
  24  2:53  Starport  
  24  2:57  Orbital Command  
  24  2:59  Widow Mine, SCV  
  24  3:04  Orbital Command  
  24  3:05  Marine x2  
  29  3:11  SCV  
  30  3:21  Widow Mine  
  30  3:22  Marine x2  
  30  3:23  SCV  
  35  3:30  SCV  
  35  3:31  Medivac  
  38  3:35  SCV  
  38  3:38  Supply Depot  
  38  3:40  Marine x2  
  41  3:42  SCV  
  41  3:44  Widow Mine  
  41  3:48  SCV  
  45  3:51  Liberator  
  45  3:54  SCV  
  46  3:57  Supply Depot  
  46  3:59  Marine x2  
  46  4:00  SCV  
  49  4:06  SCV  
  49  4:08  Factory Tech Lab  
  53  4:12  SCV  
  54  4:19  Supply Depot  
  54  4:23  SCV  
  56  4:24  SCV  
  56  4:27  Engineering Bay  
  55  4:31  Marine x2  
  55  4:36  SCV  
  58  4:40  Command Center  
  58  4:42  SCV  
  59  4:47  Siege Tank  
  59  4:48  SCV  
  59  4:52  Marine x2  
  65  4:54  SCV  
  65  4:58  Supply Depot  
  66  5:02  Barracks  
  66  5:05  Barracks  
  66  5:06  Starport Tech Lab  
  66  5:07  SCV x2  
  66  5:13  Terran Infantry Weapons Level 1  
  68  5:15  Supply Depot  
  68  5:18  Engineering Bay  
  68  5:24  Refinery  
  68  5:26  Refinery  
  68  5:27  SCV  
  69  5:29  SCV  
  69  5:30  Marine  
  69  5:31  Factory Reactor  
  69  5:32  Starport Reactor  
  71  5:37  Marine  
  71  5:38  Supply Depot  
  71  5:40  SCV  
  73  5:43  SCV  
  73  5:46  Terran Infantry Armor Level 1  
  73  5:47  Marine  
  72  5:52  SCV  
  72  5:56  Orbital Command  
  73  5:57  Stimpack  
  73  5:58  Combat Shields  
  73  6:04  Marauder  
  75  6:05  Marauder  
  75  6:08  Marine  
  75  6:09  SCV  
  75  6:11  Widow Mine  
  81  6:13  Widow Mine  
  81  6:17  Marine  
  84  6:20  Medivac  
  84  6:23  SCV  
  83  6:26  Marine  
  83  6:27  Marauder x2  
  88  6:33  Barracks  
  88  6:35  SCV, Marine  
  88  6:36  Barracks, Orbital Command  
  90  6:41  Widow Mine x2  
  90  6:44  Marine  
  93  6:47  Armory  
  93  6:48  Supply Depot  
  93  6:52  Medivac  
  93  6:53  Medivac, Marine  
  98  6:57  SCV x2  
  98  6:58  Supply Depot  
  100  7:01  SCV  
  101  7:09  SCV  
  101  7:10  Widow Mine x2  
  101  7:12  Marauder x2  
  101  7:13  Supply Depot  
  110  7:16  Marine  
  110  7:17  Missile Turret, Marine  
  110  7:18  SCV x2  
  110  7:21  SCV  
  115  7:26  Barracks Tech Lab, Concussive Shells  
  113  7:30  SCV x2  
  113  7:31  Missile Turret  
  113  7:34  SCV  
  116  7:39  Supply Depot  
  116  7:42  SCV x2  
  116  7:43  Widow Mine x2  
  116  7:44  Medivac  
  124  7:45  Medivac  
  124  7:46  Barracks Tech Lab  
  120  7:54  Marine  
  121  7:59  Supply Depot, Marine  
  121  8:00  Marauder  
  121  8:04  Widow Mine  
  121  8:05  Marauder x2  
  130  8:06  Widow Mine  
  130  8:11  Supply Depot, Marauder  
  130  8:12  SCV x2  
  136  8:14  Marine  
  136  8:15  SCV  
  136  8:17  Medivac, Marine  
  141  8:21  Marauder  
  141  8:26  Marine  
  144  8:28  Widow Mine  
  144  8:29  Supply Depot  
  144  8:30  Supply Depot  
  144  8:31  Marauder  
  144  8:32  SCV x2  
  147  8:35  Widow Mine  
  149  8:42  SCV  
  149  8:47  SCV x2, Marine  
  149  8:48  Marauder  
  137  8:49  Medivac  
  137  8:50  Widow Mine  
  137  8:54  Refinery x2  
  137  8:55  Starport, Terran Infantry Weapons Level 2  
  137  9:00  Marine x2, Engineering Bay  
  137  9:02  Marauder  
  143  9:05  SCV  
  143  9:07  SCV  
  143  9:09  Medivac  
  145  9:19  Medivac  
  145  9:21  Marine  
  145  9:22  Factory Tech Lab, Marauder  
  150  9:27  Barracks  
  150  9:30  Command Center, Marauder  
  152  9:31  Medivac, Marine  
  152  9:34  Marine  
  152  9:37  Marine  
  152  9:40  Orbital Command  
  143  9:51  Terran Infantry Armor Level 2  
  143  9:52  SCV, Medivac  
  139  9:53  Marauder  
  140  10:02  Medivac, Marauder  
  140  10:04  Marauder  
  136  10:07  SCV x2  
  136  10:09  SCV  
  139  10:19  SCV, Marine  
  139  10:20  Marine x2  
  143  10:22  SCV x2  
  136  10:29  Marine, Marauder  
  136  10:31  SCV  
  136  10:34  SCV x2  
  142  10:36  Marine  
  142  10:37  Marauder  
  143  10:42  Medivac  
  143  10:44  SCV  
  143  10:46  SCV x2  
  142  10:56  SCV  
  141  10:57  Orbital Command  
  141  10:58  SCV x2  
  143  11:06  Liberator x3  
  143  11:08  SCV, Marine, Marauder  
  143  11:10  SCV x2  
  149  11:17  Refinery  
  149  11:19  Supply Depot  
  149  11:20  SCV  
  149  11:23  Fusion Core  
  159  11:31  Marine x2  
  159  11:32  Marine x2  
  163  11:33  Marauder x3  
  167  11:50  Supply Depot x2  
  167  11:51  Supply Depot  
  167  11:52  Marauder  
  166  11:55  Marine x3, Marauder  
  166  11:56  Marine  
  171  12:06  Medivac x3  
  155  12:19  Liberator x2  
  155  12:21  Marine x2, Marauder  
  145  12:28  Marauder  
  141  12:36  Medivac  
  134  12:37  Marine  
  134  12:43  Orbital Command  
  116  13:10  Medivac, Marine  
  102  13:34  Marauder  
  102  13:41  Marine  
  102  13:49  Marauder  
  102  13:59  Liberator x2  
  91  14:03  Liberator  
  78  14:11  Marine x2, Marauder  
  79  14:19  Orbital Command  
  82  14:28  Marine  
  83  14:31  Marine  
  83  14:49  Marine x2  
  85  14:54  Refinery  
  85  14:56  Refinery  
  85  15:06  Marauder  
  87  15:08  SCV  
  87  15:09  SCV  
  89  15:19  Marine x4  
  90  15:26  SCV x2  
  92  15:28  Marine  
  92  15:37  Marine, Marauder  
  95  15:44  Marauder  
  95  15:45  Marine  
  95  15:47  Marauder  
  100  15:50  Marine x2  
  102  15:59  Marine, Marauder  
  94  16:08  Marine  
  95  16:16  Marine  
  95  16:17  Marauder  
  98  16:24  Marine x2  
  100  16:28  Liberator  
  100  16:31  Medivac  
  100  16:36  Marine  
  100  16:37  Marine  
  102  16:45  Marine x2  
  107  16:48  Marine x2  
  110  16:55  Marine  
  110  16:56  Marauder  
  110  16:59  Marine  
  94  17:16  Marine x2  
  92  17:32  Orbital Command  
  51  18:49  Refinery  
  16  21:04  Marine x2  
Tags
 
Add a new tag
Caveats
  • Supply blocks, unpowered buildings, or Contaminate may cause inaccurate times.
  • Supply counts are checked every 10 seconds.